 Dungeon Crawl Stone Soup version 0.21.0-37-g46506fa (webtiles) character file.

620 Inarius the Chiller (level 7, -3/52 HPs)
             Began as a Green Draconian Ice Elementalist on Jan 30, 2018.
             Slain by a worker ant (4 damage)
             ... on level 5 of the Dungeon.
             The game lasted 00:08:50 (5046 turns).

Inarius the Chiller (DrIE)                          Turns: 5046, Time: 00:08:51

Health: -3/52      AC:  6    Str: 10    XL:     7   Next: 22%
Magic:  13/13      EV: 13    Int: 17    God:
Gold:   216        SH:  0    Dex: 12    Spells: 6/14 levels left

rFire    . . .     SeeInvis .   d - +0 whip
rCold    . . .     Gourm    .   (no shield)
rNeg     . . .     Faith    .   (armour unavailable)
rPois    +         Spirit   .   (helmet restricted)
rElec    .         Reflect  .   (no cloak)
rCorr    .         Harm     .   (no gloves)
MR       .....                  (no boots)
Stlth    ++........             (no amulet)
HPRegen  0.17/turn              (no ring)
MPRegen  0.13/turn              (no ring)

@: lethally poisoned (-3 -> -9), fainting
A: breathe noxious fumes, unfitting armour, poison resistance, cold-blooded, AC
+6
a: Breathe Noxious Fumes


You were on level 5 of the Dungeon.
You were fainting.

You visited 1 branch of the dungeon, and saw 5 of its levels.

You collected 216 gold pieces.

Inventory:

Hand Weapons
 d - a +0 whip (weapon)
Armour
 q - a cursed +0 shield
Wands
 j - a wand of random effects (16)
Scrolls
 e - 4 scrolls of teleportation {unknown}
 f - a scroll of enchant armour {unknown}
 g - 5 scrolls of remove curse {unknown}
 m - a scroll of blinking {unknown}
 n - 2 scrolls of noise {unknown}
Potions
 c - 2 potions of invisibility
 h - a potion of magic {unknown}
 i - 3 potions of curing
 k - a potion of flight
 l - a potion of haste {unknown}
 o - a potion of mutation {unknown}
 p - a potion of berserk rage {unknown}
 s - a potion of brilliance
 u - a potion of might {unknown}
Books
 a - a book of Frost

   Spells                             Type                      Level
   a - Freeze                         Ice                          1
   b - Throw Frost                    Conjuration/Ice              2
   c - Ozocubu's Armour               Charms/Ice                   3
   d - Throw Icicle                   Conjuration/Ice              4
   e - Summon Ice Beast               Ice/Summoning                4
Comestibles
 b - 6 rations


   Skills:
 + Level 1.3 Fighting
 - Level 0.3 Maces & Flails
 + Level 3.7 Dodging
 - Level 1.7 Stealth
 + Level 4.1 Spellcasting
 + Level 1.1 Conjurations
 * Level 6.0 Ice Magic


You had 6 spell levels left.
You knew the following spells:

 Your Spells              Type           Power        Failure   Level  Hunger
a - Freeze                Ice            ###.         1%          1    None
b - Ozocubu's Armour      Chrm/Ice       ##......     13%         3    ###....
c - Throw Icicle          Conj/Ice       ###.....     34%         4    ####...


Dungeon Overview and Level Annotations

Branches:
Dungeon (5/15)
 Temple: D:4-7

Altars:
Fedhas
Makhleb

Annotations:
D:3 Andry07's ghost, amateur FoFi


Innate Abilities, Weirdness & Mutations

You can breathe blasts of noxious fumes.
Your lurid green scales are hard. (AC +6)
You cannot fit into any form of body armour.
Your system is resistant to poisons. (rPois)
You are cold-blooded and may be slowed by cold attacks.


Message History

The worker ant is almost dead.
You feel sick. The worker ant closely misses you.
You hit the worker ant but do no damage.
The worker ant is almost dead.
You feel sick. The worker ant misses you.
You barely miss the worker ant.
The worker ant is severely wounded.
You feel sick. The worker ant bites you.
* * * LOW HITPOINT WARNING * * *
The worker ant closely misses you.
You hit the worker ant.
The worker ant is almost dead.
* * * LOW HITPOINT WARNING * * *
You feel sick. The worker ant bites you.
* * * LOW HITPOINT WARNING * * *
You hit the worker ant but do no damage.
The worker ant is almost dead.
* * * LOW HITPOINT WARNING * * *
You feel sick. The worker ant bites you.
You die...

#########
#..$....#
#.......#
#.......#
#...a...#
#..)@...#
#.......#
#...<...#
####........
#.####...
#.. .. #.# #
#.. ...


You could see a worker ant.

Vanquished Creatures
  Grinder (D:4)
  3 hounds
  A centaur skeleton (D:4)
  An orc wizard (D:4)
  Natasha (thrice) (D:2)
  Terence (D:2)
  2 worker ants (D:4)
  4 adders
  2 oozes
  3 adder skeletons (D:2)
  An adder zombie (D:2)
  A worm (D:3)
  5 leopard geckos
  7 orcs
  A bat skeleton (D:2)
  2 bat zombies (D:2)
  2 giant cockroaches
  5 hobgoblins
  12 kobolds
  A quokka (D:2)
  2 ball pythons
  7 bats
  A frilled lizard (D:1)
  7 goblins
  A jackal zombie (D:2)
  A leopard gecko skeleton (D:2)
  10 rats
87 creatures vanquished.

Notes
Turn   | Place    | Note
-------+----------+-------------------------------------------
     0 | D:1      | Inarius the Draconian Ice Elementalist began the quest for the Orb.
     0 | D:1      | Reached XP level 1. HP: 14/14 MP: 3/3
   101 | D:1      | Reached XP level 2. HP: 17/20 MP: 0/5
   712 | D:1      | Reached XP level 3. HP: 26/26 MP: 4/6
   760 | D:1      | Learned a level 3 spell: Ozocubu's Armour
  1155 | D:1      | Reached skill level 4 in Ice Magic
  1364 | D:2      | Found a blossoming altar of Fedhas.
  1582 | D:2      | Noticed Natasha
  1595 | D:2      | Killed Natasha
  1595 | D:2      | Reached XP level 4. HP: 33/33 MP: 2/7
  1721 | D:2      | Noticed Natasha
  1729 | D:2      | Killed Natasha
  1820 | D:2      | Noticed Terence
  1828 | D:2      | Killed Terence
  1900 | D:2      | Reached XP level 5. HP: 37/39 MP: 9/9
  2106 | D:2      | Noticed Natasha
  2112 | D:2      | Killed Natasha
  2392 | D:3      | Noticed Andry07's ghost (amateur FoFi)
  2392 | D:3      | Noticed Grinder
  2394 | D:3      | Paralysed by Grinder for 6 turns
  3479 | D:3      | Found a burning altar of Makhleb.
  3486 | D:3      | Reached skill level 5 in Ice Magic
  3688 | D:4      | Reached XP level 6. HP: 26/46 MP: 4/11
  3891 | D:4      | Learned a level 4 spell: Throw Icicle
  3931 | D:4      | Paralysed by Grinder for 4 turns
  3944 | D:4      | Killed Grinder
  3944 | D:4      | Reached skill level 1 in Fighting
  4028 | D:4      | Reached skill level 6 in Ice Magic
  4028 | D:4      | Your scales start taking on a lurid green colour.
  4028 | D:4      | Reached XP level 7. HP: 52/52 MP: 5/12
  4028 | D:4      | Gained mutation: Your system is resistant to poisons. (rPois) [Green Draconian growth]
  4946 | D:5      | Entered Level 5 of the Dungeon
  5045 | D:5      | HP: 2/52 [worker ant (4)]
  5046 | D:5      | Slain by a worker ant

Skill      XL: |  1  2  3  4  5  6  7 |
---------------+----------------------+-----
Ice Magic      | 4 5 6 |  6.0
Dodging        | 2 3 |  3.7
Spellcasting   | 3 4 |  4.1
Fighting       | 1 |  1.3
Maces & Flails | |  0.3
Stealth        | |  1.7
Conjurations   | |  1.1

Action                   |  1- 3 |  4- 6 |  7- 9 || total
-------------------------+-------+-------+-------++-------
Melee: Whip              |    84 |   142 |   107 ||   333
       Tailslap          |     5 |    10 |    10 ||    25
 Cast: Freeze            |    27 |    47 |    11 ||    85
       Ozocubu's Armour  |     3 |     1 |       ||     4
       Throw Icicle      |       |     2 |       ||     2
  Use: Scroll            |       |     3 |     1 ||     4
       Potion            |       |     2 |     1 ||     3
 Stab: Sleeping          |     4 |     5 |       ||     9
  Eat: Chunk             |     2 |     9 |     1 ||    12
Armor: Skin              |   109 |    75 |    70 ||   254
Dodge: Dodged            |   167 |    95 |    50 ||   312
